 Dungeon Crawl Stone Soup version 0.30-a0-719-gcc4359ea44 (webtiles) character file.

Game seed: 7257536623925130613

651 Dittersdorf the Trooper (level 7, -1/44 HPs)
             Began as a Gargoyle Fighter on Jan 26, 2023.
             Slain by a killer bee (3 damage)
             ... on level 5 of the Dungeon.
             The game lasted 00:06:07 (4029 turns).

Dittersdorf the Trooper (Gargoyle Fighter)          Turns: 4029, Time: 00:06:08

Health: -1/44      AC: 16    Str: 21    XL:     7   Next: 53%
Magic:  7/7        EV:  7    Int:  9    God:
Gold:   195        SH: 10    Dex:  9    Spells: 6/6 levels left

rFire   . . .      SeeInvis .    e - +0 morningstar
rCold   + . .      Faith    .    c - +0 buckler
rNeg    + . .      Spirit   .    j - +0 chain mail
rPois   ∞          Reflect  +    (no helmet)
rElec   +          Harm     .    (no cloak)
rCorr   .          Rampage  .    a - +0 pair of gloves
Will    .....                    (no boots) Stlth
                                 n - amulet of reflection
HPRegen 0.27/turn                p - ring of protection from cold
MPRegen 0.10/turn                (no ring)

@: on berserk cooldown, slowed, very slow
A: sickness immunity, AC +4, negative energy resistance 1, electricity
resistance, torment resistance 1, petrification resistance
a: no special abilities


You were on level 5 of the Dungeon.
You visited 1 branch of the dungeon, and saw 5 of its levels.

You collected 195 gold pieces.

Inventory:

Hand Weapons
 e - a +0 morningstar (weapon)
Missiles
 l - 5 silver javelins (quivered)
Armour
 a - a +0 pair of gloves (worn)
 c - a +0 buckler (worn)
 j - a +0 chain mail (worn)
Jewellery
 n - an amulet of reflection (around neck)
 p - a ring of protection from cold (left hand)
Potions
 b - 2 potions of mutation
 d - 2 potions of might
 h - a potion of berserk rage
 i - 2 potions of curing
 k - a potion of magic
 t - a potion of brilliance


   Skills:
 + Level 5.4 Fighting
 + Level 4.3 Maces & Flails
 + Level 5.4 Armour
 + Level 5.4 Shields


You had 6 spell levels left.
You didn't know any spells.
Your spell library contained the following spells:

 Spells                   Type           Power      Damage    Failure   Level
 Ensorcelled Hibernation  Hex/Ice        0%         N/A       100%        2
 Ignite Poison            Fire/Tmut/Pois 0%         N/A       100%        3
 Spider Form              Tmut/Pois      0%         N/A       100%        3
 Anguish                  Hex/Necr       0%         N/A       100%        4
 Sticky Flame             Conj/Fire      0%         2d3       100%        4
 Alistair's Intoxication  Tmut/Pois      0%         N/A       100%        5
 Borgnjor's Vile Clutch   Necr/Erth      0%         N/A       100%        5
 Eringya's Noxious Bog    Tmut/Pois      0%         N/A       100%        6
 Ignition                 Fire           0%         3d3       100%        8


Dungeon Overview and Level Annotations

Branches:
Dungeon (5/15)
 Temple: D:4-7

Altars:
Kikubaaqudgha
Sif Muna
Xom

Annotations:
D:1 1 runed translucent door
D:3 2 transporters


Innate Abilities, Weirdness & Mutations

You are immune to sickness and miasma.
Your stone body is resilient. (AC +4)
You are immune to poison.
You resist negative energy. (rN+)
You are resistant to electric shocks. (rElec)
You are resistant to unholy torment.
You are immune to petrification.


Message History

The killer bee stings you but does no damage.
You miss the killer bee.
The killer bee is severely wounded.
The killer bee stings you but does no damage.
You miss the killer bee.
The killer bee is severely wounded.
The killer bee barely misses you. You block the killer bee's attack.
You puncture the killer bee!
You kill the killer bee!
You are no longer berserk.
You are exhausted.
You feel yourself slow down. You block the killer bee's attack.
You miss the killer bee.
The killer bee stings you but does no damage.
You block the killer bee's attack. The killer bee closely misses you.
The killer bee barely misses you.
You hit the killer bee.
The killer bee is moderately wounded.
The killer bee stings you.
* * * LOW HITPOINT WARNING * * *
The killer bee stings you but does no damage.
The killer bee barely misses you. The killer bee closely misses you.
You miss the killer bee.
The killer bee is moderately wounded.
The killer bee stings you but does no damage.
The killer bee stings you.
* * * LOW HITPOINT WARNING * * *
You block the killer bee's attack.
The killer bee stings you but does no damage.
You miss the killer bee.
The killer bee is moderately wounded.
You block the killer bee's attack. The killer bee closely misses you.
The killer bee stings you.
* * * LOW HITPOINT WARNING * * *
The killer bee stings you but does no damage.
You closely miss the killer bee.
The killer bee is moderately wounded.
You block the killer bee's attack. x2; The killer bee closely misses you.
The killer bee stings you.
You die...

###.....# .... .
......####..# ##.
....<......# ##..
........#### ..# ........#
y.. ....[...# #y# ........#
#.# ........###########.##
........>.......@yyy.######
........###########........
........# ########)#######
........####).......#
........#....########
........#...##
............###
......###.....########
####### #...#........###


You could see 3 killer bees.

Vanquished Creatures
  2 ogres
  A centaur (D:5)
  A scorpion (D:4)
  2 killer bees (D:5)
  Jessica (D:3)
  2 iguanas
  2 orc wizards (D:4)
  3 adders
  2 ufetubi
  4 worms
  A dart slug (D:3)
  13 orcs
  11 endoplasms
  2 giant cockroaches
  5 hobgoblins
  6 kobolds
  5 quokkas
  8 ball pythons
  3 bats
  3 frilled lizards
  8 goblins
  7 rats
92 creatures vanquished.

Notes
Turn   | Place    | Note
-------+----------+-------------------------------------------
     0 | D:1      | Dittersdorf the Gargoyle Fighter began the quest for the
                  | Orb.
     0 | D:1      | Reached XP level 1. HP: 14/14 MP: 1/1
     1 | D:1      | Found a runed translucent door.
   190 | D:1      | Reached XP level 2. HP: 19/19 MP: 2/2
   709 | D:2      | Found a faded altar of an unknown god.
   762 | D:2      | Reached XP level 3. HP: 22/23 MP: 3/3
  1111 | D:2      | Reached XP level 4. HP: 29/29 MP: 4/4
  1434 | D:3      | Found an ancient bone altar of Kikubaaqudgha.
  1434 | D:3      | Found a shimmering blue altar of Sif Muna.
  1436 | D:3      | Noticed a centaur
  1438 | D:3      | Found a transporter.
  1451 | D:3      | Found a transporter.
  1892 | D:3      | Noticed Jessica
  1903 | D:3      | Killed Jessica
  1983 | D:3      | Reached XP level 5. HP: 33/33 MP: 5/5
  2392 | D:4      | Reached XP level 6. HP: 21/39 MP: 6/6
  2556 | D:4      | Found a shimmering altar of Xom.
  3587 | D:5      | Entered Level 5 of the Dungeon
  3760 | D:5      | Reached skill level 5 in Armour
  3781 | D:5      | Reached skill level 5 in Fighting
  3781 | D:5      | Reached skill level 5 in Shields
  3781 | D:5      | Reached XP level 7. HP: 41/44 MP: 7/7
  4028 | D:5      | HP: 1/44 [killer bee (2)]
  4029 | D:5      | Slain by a killer bee

Illustrated notes

Levels and vault maps discovered:
D:1:      dpeg_arrival_caged_fury, layout_basic, st_stairs_8, minmay_distorted
D:2:      layout_rooms, basic_ecumenical_altar, kennysheep_donut
D:3:      minmay_octagon_keep, layout_loops_ring,
          gammafunk_temple_overflow_arena, minmay_crystal_room, uniq_jessica
D:4:      layout_loops_corners, xom_butterflies
D:5:      layout_rooms, nicolae_yredelemnul_ghost_church,
          minmay_misc_feat_more_columns, uniq_menkaure

Skill      XL: |  1  2  3  4  5  6 |
---------------+-------------------+-----
Fighting       | 4 5 |  5.4
Armour         | 4 5 |  5.4
Shields        | 4 5 |  5.4
Maces & Flails | 3 4 |  4.3

Action                     |  1- 3 |  4- 6 |  7- 9 || total
---------------------------+-------+-------+-------++-------
  Melee: Flail             |   104 |   165 |       ||   269
         Morningstar       |       |    46 |    59 ||   105
    Use: Scroll            |       |    13 |       ||    13
         Potion            |       |       |     4 ||     4
 Armour: Scale mail        |    32 |       |       ||    32
         Chain mail        |    29 |   109 |    43 ||   181
  Dodge: Dodged            |    46 |    48 |    35 ||   129
  Block: Buckler           |    23 |    99 |    39 ||   161

Table legend: (Time is in decaauts)
 A = Elapsed time spent in this place.
 B = Non-inter-level travel time spent in this place.
 C = Inter-level travel time spent in this place.
 D = Time resting spent in this place.
 E = Time spent auto-exploring this place.
 F = Levels seen in this place.
 G = Mean time per level.
                   A        B        C        D        E       F      G
               +--------+--------+--------+--------+--------+-----+--------+
         Total |   4143 |   4002 |    141 |    370 |   2665 |   5 |  828.6 |
       Dungeon |   4143 |   4002 |    141 |    370 |   2665 |   5 |  828.6 |
               +--------+--------+--------+--------+--------+-----+--------+

Top non-repeatable levels by time:
     D:4: 1228 daAuts
     D:3: 1146 daAuts
     D:2: 718 daAuts
     D:1: 624 daAuts
     D:5: 425 daAuts
